[Event "Titled Tuesday Blitz August 23 Early 2022"]
[White "Hambleton, Aman"]
[Black "Andreikin, Dmitry"]
[WhiteFideId "2606577"]
[BlackFideId "4158814"]
[WhiteElo "2538"]
[BlackElo "2736"]
[Result "0-1"]
[Round "04"]
[TimeControl "180+1"]
[Date "2022.08.23"]
[WhiteClock "0:00:01"]
[BlackClock "0:01:07"]

1. d4 Nf6 2. c4 g6 3. Nc3 Bg7 4. e4 O-O 5. f3 c6 6. Be3 a6 7. c5 d6 8. Nge2 a5 9. Na4 Na6 10. Nb6 Ra7 11. Nc3 Nd7 12. Nca4 Nxb6 13. Nxb6 dxc5 14. dxc5 Bxb2 15. Rb1 Ba3 16. Bxa6 bxa6 17. Qxd8 Rxd8 18. Ke2 Be6 19. Rhd1 Rxd1 20. Rxd1 f6 21. Rd3 Bb2 22. a3 Be5 23. f4 Bc7 24. h3 Kf7 25. Kf3 f5 26. e5 Rb7 27. g4 Rb8 28. g5 Rh8 29. Kg2 h6 30. h4 hxg5 31. hxg5 Rh4 32. Rd2 Rg4+ 33. Kf2 Rh4 34. Kg2 a4 35. Rd1 Rg4+ 36. Kf2 Rh4 37. Kg3 Rh8 38. Kg2 Bb3 39. Rd4 Ke6 40. Rd2 Rb8 41. Rd3 Bd5+ 42. Kg3 Be4 43. Rd1 Rh8 44. Bf2 Bc2 45. Rc1 Bb3 46. Be3 Rd8 47. Kf2 Bd1 48. Ke1 Bf3 49. Kf2 Be4 50. Ke2 Rd3 51. Rc4 Rxa3 52. Rxa4 Rb3 53. Kd2 Rd3+ 54. Ke2 Rc3 55. Kd2 Rd3+ 56. Ke2 Rb3 57. Kd2 Bd3 58. Rd4 Bb5 59. Bf2 a5 60. Be3 a4 61. Nxa4 Ba5+ 62. Kc2 Rxe3 63. Nb6 Re4 64. Rxe4 fxe4 0-1


[Site "https://www.chess.com"]

[Event "Titled Tuesday Blitz August 23 Early 2022"]
[White "Hardaway, Brewington"]
[Black "Deac, Bogdan-Daniel"]
[WhiteFideId "30941849"]
[BlackFideId "1226380"]
[WhiteElo "1813"]
[BlackElo "2648"]
[Result "0-1"]
[Round "04"]
[TimeControl "180+1"]
[Date "2022.08.23"]
[WhiteClock "0:00:26"]
[BlackClock "0:00:55"]

1. e4 c6 2. d4 d5 3. e5 Bf5 4. h4 h5 5. Bd3 Bxd3 6. Qxd3 e6 7. Nd2 Nh6 8. Ngf3 Nf5 9. c4 Be7 10. g3 Qa5 11. b3 Nd7 12. O-O Qa6 13. Qc3 O-O 14. a4 c5 15. cxd5 exd5 16. Re1 Rac8 17. Qb2 Qd3 18. e6 fxe6 19. Rxe6 cxd4 20. Qb1 Qxb1 21. Rxb1 Nc5 22. Re5 Nd3 23. Rxe7 Nxe7 24. Ba3 Rfe8 25. Nxd4 Nc6 26. Nf5 Re2 27. Nf3 Rxf2 28. Nd6 Rxf3 29. Nxc8 Rxg3+ 30. Kh2 Rg4 31. Rd1 Rxh4+ 32. Kg3 Rg4+ 33. Kf3 Nce5+ 34. Ke3 d4+ 35. Ke2 Rg2+ 36. Kf1 Rf2+ 37. Kg1 Nf3+ 38. Kh1 Rh2# 0-1


[Site "https://www.chess.com"]

[Event "Titled Tuesday Blitz August 23 Early 2022"]
[White "Harshavardhan G B"]
[Black "Lenderman, Aleksandr"]
[WhiteFideId "25059009"]
[BlackFideId "2021285"]
[WhiteElo "1890"]
[BlackElo "2607"]
[Result "0-1"]
[Round "04"]
[TimeControl "180+1"]
[Date "2022.08.23"]
[WhiteClock "0:00:18"]
[BlackClock "0:01:06"]

1. e4 e6 2. d4 d5 3. Nc3 dxe4 4. Nxe4 Nd7 5. Bd3 Ngf6 6. Nf3 Nxe4 7. Bxe4 Nf6 8. Bd3 c5 9. c3 cxd4 10. Nxd4 Bc5 11. Nb3 Bb6 12. O-O O-O 13. Bg5 h6 14. Bh4 Bd7 15. Qe2 Bc6 16. Rad1 Qe7 17. Bc2 Rfd8 18. Qe5 Rxd1 19. Rxd1 Rd8 20. Nd4 Rd5 21. Nxc6 bxc6 22. Qb8+ Qf8 23. Qxf8+ Kxf8 24. Kf1 Rxd1+ 25. Bxd1 g5 26. Bg3 Ne4 27. Bf3 Nd2+ 28. Ke2 Nxf3 29. Kxf3 Ke7 30. b4 h5 31. h4 g4+ 32. Ke4 f5+ 33. Kd3 Kf6 34. f4 gxf3 35. gxf3 e5 36. c4 Bg1 37. a4 a6 38. c5 Ke6 39. Kc4 f4 40. Be1 e4 41. fxe4 f3 42. Kd3 f2 43. Bxf2 Bxf2 44. Kc3 Bxh4 45. Kc4 Bf2 46. b5 axb5+ 47. axb5 cxb5+ 48. Kxb5 Bxc5 49. Kxc5 h4 0-1


[Site "https://www.chess.com"]

[Event "Titled Tuesday Blitz August 23 Early 2022"]
[White "Ibrahimli, Murad"]
[Black "Vakhlamov, Igor L."]
[WhiteFideId "13410229"]
[BlackFideId "24126748"]
[WhiteElo "2109"]
[BlackElo "2401"]
[Result "1-0"]
[Round "04"]
[TimeControl "180+1"]
[Date "2022.08.23"]
[WhiteClock "0:02:12"]
[BlackClock "0:01:13"]

1. e4 c5 2. Nf3 Nc6 3. Bb5 g6 4. O-O Bg7 5. Bxc6 bxc6 6. d3 Qc7 7. Re1 e5 8. a3 Ne7 9. b4 cxb4 10. axb4 O-O 11. Be3 a5 12. Nbd2 Bb7 13. bxa5 Rxa5 14. Rxa5 Qxa5 15. Nc4 Qc7 16. Bb6 Qb8 17. Bc5 Re8 18. Nd6 Ba6 19. Nxe8 Qxe8 20. Qa1 Bb5 21. Bxe7 Qxe7 22. c4 Bxc4 23. dxc4 f5 24. exf5 e4 25. Qa8+ Kf7 26. Rxe4 Qa3 27. Qe8+ Kf6 28. g4 gxf5 29. g5# 1-0


[Site "https://www.chess.com"]

[Event "Titled Tuesday Blitz August 23 Early 2022"]
[White "Jakubowski, Krzysztof"]
[Black "Drygalov, Sergey"]
[WhiteFideId "1112848"]
[BlackFideId "24171743"]
[WhiteElo "2306"]
[BlackElo "2523"]
[Result "0-1"]
[Round "04"]
[TimeControl "180+1"]
[Date "2022.08.23"]
[WhiteClock "0:00:50"]
[BlackClock "0:01:44"]

1. e4 c5 2. Nf3 d6 3. d4 cxd4 4. Nxd4 Nf6 5. Nc3 a6 6. h3 e5 7. Nde2 h5 8. Bg5 Be6 9. Bxf6 Qxf6 10. Nd5 Qd8 11. a4 g6 12. Nec3 Nc6 13. Bc4 Bh6 14. O-O O-O 15. Ra3 Rc8 16. Ba2 Nd4 17. Qd3 Qh4 18. Nb6 Rc6 19. Ncd5 Rxc2 20. Nc4 Rd8 21. Nc7 Bxc4 22. Bxc4 Rc8 0-1


[Site "https://www.chess.com"]

[Event "Titled Tuesday Blitz August 23 Early 2022"]
[White "Janik, Igor"]
[Black "Ezat, Mohamed"]
[WhiteFideId "1159259"]
[BlackFideId "10600906"]
[WhiteElo "2456"]
[BlackElo "2386"]
[Result "0-1"]
[Round "04"]
[TimeControl "180+1"]
[Date "2022.08.23"]
[WhiteClock "0:01:20"]
[BlackClock "0:00:14"]

1. e4 c6 2. Nf3 d5 3. d3 Bg4 4. Be2 e6 5. O-O Nd7 6. b3 Ngf6 7. Nbd2 a5 8. a4 Bc5 9. Bb2 O-O 10. h3 Bh5 11. e5 Ne8 12. d4 Bb4 13. c3 Be7 14. Ne1 Bg6 15. f4 f5 16. Nd3 c5 17. Nf3 Nc7 18. Ba3 Na6 19. Qd2 Rc8 20. Rfc1 h6 21. Qe3 c4 22. Bxe7 Qxe7 23. bxc4 dxc4 24. Nb2 Nb6 25. Nd2 Qh4 26. Qf2 Qxf2+ 27. Kxf2 Nc7 28. Nbxc4 Nxc4 29. Bxc4 Be8 30. Ke3 Bc6 31. g3 Bd5 32. Kd3 g5 33. Rab1 gxf4 34. gxf4 Kh8 35. Bxd5 Nxd5 36. c4 Nxf4+ 37. Ke3 Nxh3 38. Rh1 f4+ 39. Kd3 Nf2+ 40. Ke2 Nxh1 41. Rxh1 Kh7 42. Kf3 Rg8 43. c5 Rg3+ 44. Kxf4 Rd3 45. Ne4 Rxd4 46. Ke3 Rxa4 47. Rd1 Rxe4+ 48. Kxe4 Rxc5 49. Rd6 Rc6 50. Rd7+ Kg6 51. Rxb7 Rc4+ 52. Kd3 Rb4 53. Ra7 Kf5 54. Rxa5 Re4 55. Ra8 Rxe5 56. Rh8 Kg5 57. Kd4 Re1 58. Rg8+ Kf6 59. Rf8+ Kg7 60. Rf2 h5 61. Kd3 Kh6 62. Kd2 Re5 63. Rf8 h4 64. Rg8 Kh5 0-1


[Site "https://www.chess.com"]

[Event "Titled Tuesday Blitz August 23 Early 2022"]
[White "Kamsky, Gata"]
[Black "Weetik, Vjacheslav"]
[WhiteFideId "2000024"]
[BlackFideId "4153472"]
[WhiteElo "2666"]
[BlackElo "2469"]
[Result "1-0"]
[Round "04"]
[TimeControl "180+1"]
[Date "2022.08.23"]
[WhiteClock "0:00:36"]
[BlackClock "0:00:20"]

1. d4 Nf6 2. Bf4 c5 3. e3 Qb6 4. Na3 Qxb2 5. Nb5 Nd5 6. Rb1 Qxa2 7. dxc5 Nxf4 8. exf4 Qa5+ 9. Qd2 Qxd2+ 10. Kxd2 Na6 11. Nf3 e6 12. Nd6+ Ke7 13. Bxa6 bxa6 14. Rhe1 a5 15. Ra1 g6 16. Rxa5 Bh6 17. g3 f6 18. Kd3 a6 19. Rb1 Ra7 20. Rb8 Rc7 21. Nd2 Rd8 22. N2c4 e5 23. Nb6 1-0


[Site "https://www.chess.com"]

[Event "Titled Tuesday Blitz August 23 Early 2022"]
[White "Korchmar, Vasiliy"]
[Black "Maksimovic, Bojan"]
[WhiteFideId "24131750"]
[BlackFideId "14408120"]
[WhiteElo "2370"]
[BlackElo "2447"]
[Result "0-1"]
[Round "04"]
[TimeControl "180+1"]
[Date "2022.08.23"]
[WhiteClock "0:00:02"]
[BlackClock "0:00:09"]

1. e4 e5 2. Nf3 Nc6 3. Nc3 Nf6 4. h3 g6 5. d4 exd4 6. Nxd4 Bg7 7. Nxc6 bxc6 8. Bc4 O-O 9. O-O d6 10. Bg5 Re8 11. Re1 h6 12. Bh4 g5 13. Bg3 Nd7 14. f4 gxf4 15. Bxf4 Ne5 16. Bb3 Qh4 17. Rf1 Be6 18. Qd2 Ng6 19. Bh2 Qg5 20. Qe2 a5 21. Rf2 Bd4 22. Kh1 Qe3 23. Qxe3 Bxe3 24. Rf3 Bd4 25. Raf1 Re7 26. Bg3 Kg7 27. Ne2 Bxb2 28. c3 a4 29. Bxe6 fxe6 30. Nf4 Nxf4 31. Bxf4 a3 32. e5 d5 33. Bd2 Ra4 34. Rg3+ Kh7 35. Rf6 Rh4 36. Rgg6 Rh5 37. g4 Rxe5 38. Rxh6+ Kg8 39. Bf4 Re4 40. Rhg6+ Rg7 41. Rxe6 Rxf4 0-1


[Site "https://www.chess.com"]

[Event "Titled Tuesday Blitz August 23 Early 2022"]
[White "Koustav, Chatterjee"]
[Black "Martic, Ivan"]
[WhiteFideId "25073060"]
[BlackFideId "929301"]
[WhiteElo "2242"]
[BlackElo "2355"]
[Result "1/2-1/2"]
[Round "04"]
[TimeControl "180+1"]
[Date "2022.08.23"]
[WhiteClock "0:00:10"]
[BlackClock "0:00:04"]

1. d4 d5 2. c4 e6 3. Nf3 c5 4. cxd5 exd5 5. g3 Nc6 6. Bg2 Nf6 7. O-O cxd4 8. Nxd4 Bc5 9. Nxc6 bxc6 10. Qc2 Qb6 11. Nc3 Be7 12. e4 dxe4 13. Be3 Qa6 14. Nxe4 O-O 15. Nxf6+ Bxf6 16. Qxc6 Rb8 17. Rfd1 Qxc6 18. Bxc6 Rxb2 19. Bxa7 Bg4 20. f3 Bh3 21. f4 h5 22. a4 Rc8 23. Rac1 Rc7 24. Bf2 Re7 25. Re1 Rxe1+ 26. Rxe1 Ra2 27. Rd1 g6 28. Bb5 Bg4 29. Re1 Bf3 30. Rc1 Bb2 31. Re1 Bc3 32. Rc1 Bb2 33. Rb1 Bc3 34. Rb3 Ra1+ 35. Bf1 Be2 36. Rxc3 Bxf1 37. Be3 Bh3+ 38. Kf2 Rxa4 39. Rc7 Kf8 40. Bc5+ Ke8 41. Re7+ Kd8 42. Rxf7 Ra2+ 43. Ke3 Rxh2 44. Rg7 Bf5 45. Kf3 Rc2 46. Be7+ Ke8 47. Bf6 Rc6 48. Be5 Kf8 49. Ra7 Rb6 50. Bd4 Rb3+ 51. Kf2 Be4 52. Bc5+ Kg8 53. Bd4 Rf3+ 54. Ke2 Rxg3 55. Re7 Bf5 56. Bf6 Rg4 57. Ke3 h4 58. Rg7+ Kf8 59. Rh7 Rg3+ 60. Kd4 h3 61. Ke5 Re3+ 62. Kd4 Re4+ 63. Kd5 Rxf4 64. Be5 Ra4 65. Rh8+ Kf7 66. Rh7+ Ke8 67. Rh8+ Kd7 68. Rh7+ Kc8 69. Rh8+ Kb7 70. Rb8+ Ka7 71. Rb2 Ra5+ 72. Kd6 Ra6+ 73. Kc7 Ra4 74. Rb7+ Ka6 75. Rb6+ Ka7 76. Rb7+ Ka8 77. Rb8+ Ka7 78. Rb7+ 1/2-1/2


[Site "https://www.chess.com"]

[Event "Titled Tuesday Blitz August 23 Early 2022"]
[White "Kravtsiv, Martyn"]
[Black "Sirosh, Ilja"]
[WhiteFideId "14113147"]
[BlackFideId "4500458"]
[WhiteElo "2694"]
[BlackElo "2255"]
[Result "1-0"]
[Round "04"]
[TimeControl "180+1"]
[Date "2022.08.23"]
[WhiteClock "0:00:35"]
[BlackClock "0:00:06"]

1. e4 c5 2. Nf3 d6 3. Bb5+ Bd7 4. Bxd7+ Qxd7 5. c4 Nf6 6. Nc3 Nc6 7. d4 cxd4 8. Nxd4 g6 9. f3 Bg7 10. Be3 O-O 11. O-O a6 12. Qd3 Rab8 13. a4 e6 14. Rad1 Rfd8 15. Qe2 Qe7 16. Bf2 Qc7 17. Rfe1 d5 18. cxd5 exd5 19. e5 Re8 20. f4 Nxd4 21. Bxd4 Qc6 22. Rc1 Qd7 23. Red1 Ne4 24. Nxe4 dxe4 25. Ba7 Qxa4 26. Rd4 Qb3 27. Bxb8 Rxb8 28. Rxe4 Qb6+ 29. Kh1 Qe6 30. Rec4 h5 31. h3 Kh7 32. Rc7 Rd8 33. Qc4 Rd5 34. Rxb7 Bxe5 35. Qe2 1-0


[Site "https://www.chess.com"]

[Event "Titled Tuesday Blitz August 23 Early 2022"]
[White "Le, Tuan Minh"]
[Black "Ohanyan, Emin"]
[WhiteFideId "12401153"]
[BlackFideId "13312022"]
[WhiteElo "2530"]
[BlackElo "1927"]
[Result "1-0"]
[Round "04"]
[TimeControl "180+1"]
[Date "2022.08.23"]
[WhiteClock "0:01:00"]
[BlackClock "0:00:02"]

1. d4 Nf6 2. Nf3 d5 3. Bf4 e6 4. e3 Bd6 5. Bg3 Nbd7 6. c4 O-O 7. Nc3 Qe7 8. Bh4 c6 9. Rc1 dxc4 10. Bxc4 b5 11. Bd3 Bb7 12. O-O Qe8 13. Ne4 Be7 14. Nxf6+ Bxf6 15. Bxf6 Nxf6 16. Ne5 Rc8 17. Qf3 Nd5 18. Rc5 f6 19. Qh3 g6 20. Nf3 Nb6 21. Rfc1 Nd7 22. R5c2 Qe7 23. Qg3 c5 24. Bxb5 Bxf3 25. Qxf3 a6 26. Bxd7 Qxd7 27. dxc5 Rxc5 1-0


[Site "https://www.chess.com"]

[Event "Titled Tuesday Blitz August 23 Early 2022"]
[White "Lewtak, Damian"]
[Black "Zou, Chen"]
[WhiteFideId "1141724"]
[BlackFideId "8610959"]
[WhiteElo "2329"]
[BlackElo "2276"]
[Result "1-0"]
[Round "04"]
[TimeControl "180+1"]
[Date "2022.08.23"]
[WhiteClock "0:00:02"]
[BlackClock "0:00:01"]

1. f3 e5 2. e4 Nf6 3. d4 exd4 4. Qxd4 Nc6 5. Qe3 b6 6. Nc3 Bc5 7. Qg5 O-O 8. Bd2 Bb7 9. O-O-O Qe7 10. h4 Rae8 11. h5 h6 12. Qg3 Bd6 13. Qh4 a6 14. g4 Nh7 15. Qf2 Bc5 16. Qg2 Nd4 17. Nh3 Ne6 18. f4 Nd4 19. Bd3 b5 20. g5 Kh8 21. Nd5 Qd6 22. Rdf1 f5 23. gxf6 Nxf6 24. Nxf6 Qxf6 25. f5 Bd6 26. Nf4 Bxf4 27. Rxf4 c5 28. Rg4 c4 29. Rg6 Qxf5 30. Bxh6 Ne6 31. Rg1 cxd3 32. Bxg7+ Kg8 33. Bc3+ Kh7 34. Rg7+ Kh6 35. Bd2+ Nf4 36. Kb1 dxc2+ 37. Ka1 Bxe4 38. Qg3 c1=Q+ 39. Bxc1 Rf7 40. Rg6+ 1-0


[Site "https://www.chess.com"]

[Event "Titled Tuesday Blitz August 23 Early 2022"]
[White "Mamedyarov, Shakhriyar"]
[Black "Blanco Ronquillo, Humberto L."]
[WhiteFideId "13401319"]
[BlackFideId "3504239"]
[WhiteElo "2710"]
[BlackElo "2425"]
[Result "0-1"]
[Round "04"]
[TimeControl "180+1"]
[Date "2022.08.23"]
[WhiteClock "0:00:16"]
[BlackClock "0:00:05"]

1. c4 c6 2. Nf3 d5 3. b3 Bg4 4. Bb2 e6 5. e3 Nd7 6. Qc2 Bf5 7. d3 Ngf6 8. Nbd2 h6 9. Be2 Bd6 10. a3 a5 11. h3 Bh7 12. g4 Qe7 13. Rg1 Nc5 14. h4 e5 15. g5 hxg5 16. hxg5 Nfd7 17. e4 dxe4 18. dxe4 Bg6 19. Bc3 Ne6 20. Qb2 Nf4 21. b4 Rh3 22. c5 Bc7 23. Bf1 Bh5 24. Rg3 Rh1 25. Qc2 axb4 26. axb4 Rxa1+ 27. Bxa1 Qe6 28. Rg1 Rxg1 29. Nxg1 Bd8 30. Ngf3 Qg4 31. b5 Bxg5 32. bxc6 bxc6 33. Qa4 Ng2+ 34. Bxg2 Qxg2 35. Nxg5 Qg1+ 36. Nf1 Qxg5 37. Bb2 Qg4 38. Ng3 Qf3 39. Qxc6 Qd1# 0-1


[Site "https://www.chess.com"]

[Event "Titled Tuesday Blitz August 23 Early 2022"]
[White "Martin Carmona, Gaston Manuel"]
[Black "Tristan, Leonardo"]
[WhiteFideId "22284567"]
[BlackFideId "113816"]
[WhiteElo "2162"]
[BlackElo "2404"]
[Result "1/2-1/2"]
[Round "04"]
[TimeControl "180+1"]
[Date "2022.08.23"]
[WhiteClock "0:01:29"]
[BlackClock "0:00:17"]

1. d4 d5 2. c4 e6 3. Nf3 Nf6 4. Nbd2 Be7 5. e3 O-O 6. Bd3 b6 7. b3 Bb7 8. Bb2 Nbd7 9. O-O dxc4 10. Nxc4 c5 11. Rc1 Rc8 12. Nfe5 Rc7 13. Qe2 Qa8 14. f3 Rd8 15. Rfd1 Nxe5 16. dxe5 Nd5 17. f4 Rcd7 18. Qh5 g6 19. Qe2 Nb4 20. Bc2 Rxd1+ 21. Rxd1 Rxd1+ 22. Bxd1 Nxa2 23. Nd6 Nb4 24. Nxb7 Qxb7 25. Bc3 Qd5 26. Bxb4 cxb4 27. Bc2 Bc5 28. Kf2 Kf8 29. Qd3 Qxd3 30. Bxd3 Ke7 31. Bb5 f6 32. exf6+ Kxf6 33. Kf3 Ke7 34. Ke4 Kd6 35. g4 h6 36. h4 Ke7 37. g5 hxg5 38. hxg5 Kf7 39. Bc4 Ke7 40. Bb5 Kf7 41. Bc4 Ke7 42. Bb5 1/2-1/2


[Site "https://www.chess.com"]

[Event "Titled Tuesday Blitz August 23 Early 2022"]
[White "Nakamura, Hikaru"]
[Black "Gholami Orimi, Mahdi"]
[WhiteFideId "2016192"]
[BlackFideId "12558486"]
[WhiteElo "2850"]
[BlackElo "2354"]
[Result "1-0"]
[Round "04"]
[TimeControl "180+1"]
[Date "2022.08.23"]
[WhiteClock "0:01:15"]
[BlackClock "0:00:01"]

1. g3 d5 2. Bg2 Nf6 3. d3 g6 4. Bd2 Bg7 5. Qc1 O-O 6. Bh6 e5 7. Nc3 c6 8. h4 Bxh6 9. Qxh6 Ng4 10. Qd2 h5 11. f3 Nf6 12. Qh6 Re8 13. Nh3 Qd6 14. Ng5 Qf8 15. Qxf8+ Kxf8 16. e4 Na6 17. O-O Kg7 18. f4 dxe4 19. fxe5 Rxe5 20. Ncxe4 Nxe4 21. Nxe4 Bf5 22. Nd6 Be6 23. Rae1 Rxe1 24. Rxe1 Rb8 25. a3 Nc7 26. Re4 a6 27. a4 b5 28. a5 Kf6 29. Re2 Nd5 30. Ne4+ Kg7 31. Nc5 Bg4 32. Re1 Nb4 33. c3 Nd5 34. Bxd5 cxd5 35. d4 b4 36. Nxa6 Ra8 37. Nxb4 Rxa5 38. Kf2 Bf5 39. Ke3 Be4 40. c4 f5 41. Nxd5 Bxd5 42. cxd5 Rxd5 43. b4 Kf6 44. Kd3 Rd8 45. b5 g5 46. hxg5+ Kxg5 47. Re7 f4 48. gxf4+ Kxf4 49. b6 h4 50. b7 h3 51. Kc4 h2 52. Rh7 Kg3 53. Kc5 Rb8 54. Kc6 1-0


[Site "https://www.chess.com"]

[Event "Titled Tuesday Blitz August 23 Early 2022"]
[White "Odegov, Artem"]
[Black "Beerdsen, Thomas"]
[WhiteFideId "34183644"]
[BlackFideId "1030108"]
[WhiteElo "2286"]
[BlackElo "2567"]
[Result "0-1"]
[Round "04"]
[TimeControl "180+1"]
[Date "2022.08.23"]
[WhiteClock "0:00:01"]
[BlackClock "0:00:44"]

1. d4 Nf6 2. c4 e6 3. Nf3 c5 4. d5 b5 5. Bg5 exd5 6. cxd5 h6 7. Bxf6 Qxf6 8. Nc3 c4 9. e4 Bb4 10. e5 Qg6 11. Be2 O-O 12. O-O a6 13. a4 Bxc3 14. bxc3 Bb7 15. Qd4 d6 16. axb5 axb5 17. Qb6 Bxd5 18. Rad1 Be6 19. Rxd6 Ra2 20. Nd4 Nd7 21. Qxb5 Rb8 22. Nc6 Rxb5 23. Ne7+ Kh7 24. Nxg6 Rxe2 25. Nf4 Rexe5 26. Nxe6 Nf6 27. Nd4 Rb2 28. Rc6 Ne4 29. Rxc4 Nd2 30. Rc8 Nxf1 31. Nf3 Re7 32. Kxf1 Rb1+ 0-1


[Site "https://www.chess.com"]

[Event "Titled Tuesday Blitz August 23 Early 2022"]
[White "Pinheiro, Iung Alicio de O."]
[Black "Pakleza, Zbigniew"]
[WhiteFideId "2104350"]
[BlackFideId "1119290"]
[WhiteElo "2283"]
[BlackElo "2411"]
[Result "0-1"]
[Round "04"]
[TimeControl "180+1"]
[Date "2022.08.23"]
[WhiteClock "0:00:02"]
[BlackClock "0:00:03"]

1. c4 c6 2. g3 d5 3. Nf3 Nf6 4. b3 Bf5 5. Bb2 e6 6. Bg2 Be7 7. O-O O-O 8. d3 h6 9. Nbd2 a5 10. a3 Na6 11. Ra2 Rc8 12. Qa1 b5 13. cxb5 cxb5 14. Nd4 Qb6 15. Nxf5 exf5 16. Bd4 Qe6 17. Nf3 b4 18. a4 Nc5 19. Qb1 f4 20. Rc1 fxg3 21. hxg3 Ncd7 22. Rac2 Nb8 23. Ne5 Bd6 24. Qb2 Rxc2 25. Rxc2 Rc8 26. Nf3 Ne8 27. e4 dxe4 28. dxe4 Nc6 29. Rd2 Nxd4 30. Nxd4 Qf6 31. Qb1 Be5 32. Qd1 Nd6 33. Nb5 Nxb5 34. axb5 Kh7 35. Rd5 Bb2 36. f4 Rc1 37. e5 Qb6+ 38. Kh2 Rxd1 39. Rxd1 Qf2 40. Kh3 g6 41. Rd7 Kg8 42. Bd5 Qf1+ 43. Kh2 Qe2+ 44. Kh3 Qf1+ 45. Kh2 Bd4 46. Bxf7+ Kf8 47. Rxd4 Kxf7 48. Rd7+ Ke8 49. Rd6 a4 50. b6 Qf2+ 51. Kh3 Qf3 52. bxa4 b3 53. Rd4 Qh1+ 54. Kg4 Qh5# 0-1


[Site "https://www.chess.com"]

[Event "Titled Tuesday Blitz August 23 Early 2022"]
[White "Puranik, Abhimanyu"]
[Black "Ceres, Dragos"]
[WhiteFideId "5061245"]
[BlackFideId "13905864"]
[WhiteElo "2520"]
[BlackElo "2150"]
[Result "1-0"]
[Round "04"]
[TimeControl "180+1"]
[Date "2022.08.23"]
[WhiteClock "0:00:33"]
[BlackClock "0:00:15"]

1. e4 c5 2. Nc3 e6 3. d4 cxd4 4. Qxd4 Nc6 5. Qe3 Nf6 6. Bd2 Be7 7. Be2 d5 8. exd5 Nxd5 9. Nxd5 Qxd5 10. Bf3 Qc5 11. Ne2 Qxe3 12. Bxe3 Ne5 13. Be4 f5 14. Bd4 Bf6 15. f4 Nc4 16. Bd3 Nxb2 17. Bb5+ Bd7 18. Bxd7+ Kxd7 19. Rb1 Nc4 20. Rxb7+ Kc6 21. Rb4 Nb6 22. Kf2 Rhd8 23. Rhb1 Kd7 24. a4 Ke7 25. a5 Nd5 26. Rb7+ Rd7 27. Bxf6+ gxf6 28. c4 Nc7 29. c5 Nd5 30. c6 Rc7 31. Nd4 a6 32. Re1 Kd6 33. Rxe6+ Kc5 34. Nb3+ Kc4 35. g3 Rxb7 36. cxb7 Rb8 37. Nd2+ Kd3 38. Rxa6 Kxd2 39. Rd6 Rxb7 40. Rxd5+ Kc3 41. Rxf5 Rf7 42. Kf3 Kd4 43. g4 Kd3 44. g5 1-0


[Site "https://www.chess.com"]

[Event "Titled Tuesday Blitz August 23 Early 2022"]
[White "Salinas Herrera, Pablo"]
[Black "Karolczuk, Iwo"]
[WhiteFideId "3407128"]
[BlackFideId "21816972"]
[WhiteElo "2542"]
[BlackElo "2270"]
[Result "1-0"]
[Round "04"]
[TimeControl "180+1"]
[Date "2022.08.23"]
[WhiteClock "0:00:07"]
[BlackClock "0:00:01"]

1. e4 c5 2. Nf3 d6 3. Bb5+ Nd7 4. a4 Nf6 5. Nc3 a6 6. Be2 e6 7. d4 cxd4 8. Qxd4 Be7 9. O-O O-O 10. a5 Qc7 11. Rd1 h6 12. h3 Rb8 13. Be3 b5 14. axb6 Rxb6 15. Ra2 Bb7 16. Nd2 Rc6 17. Nb3 e5 18. Qb4 Ba8 19. Rxa6 Rxa6 20. Bxa6 Rb8 21. Qa4 Bc6 22. Qc4 Nb6 23. Qd3 Na4 24. Nxa4 Bxa4 25. Bc4 Bc6 26. f3 Rc8 27. Nd2 Rb8 28. b3 Nd7 29. Ra1 Nb6 30. Ra6 Nd7 31. Ra7 Rb7 32. Rxb7 Qxb7 33. Kh2 Nf6 34. Bf2 Nh5 35. g3 Qa8 36. Nf1 Qa3 37. Ne3 Qc1 38. Qd1 Qb2 39. Nf5 Bf8 40. Kg2 Qc3 41. Qd3 Qa1 42. Nxd6 Nf6 43. Nxf7 Kh7 44. Nxe5 Qxe5 45. Bd4 Qg5 46. e5+ Ne4 47. fxe4 Bb4 48. Bd5 Be8 49. Be3 Qe7 50. c3 Bc5 51. Bd4 Bxd4 52. cxd4 Qa3 53. Bc4 Qb2+ 54. Kg1 Qc1+ 55. Qf1 Qe3+ 56. Qf2 Qxe4 57. Bf1 Qd5 58. Qe3 Bc6 59. Kf2 Qh1 60. e6 Qh2+ 61. Ke1 Qb2 62. e7 Be8 63. d5 Qb1+ 64. Kf2 Qb2+ 65. Be2 Qf6+ 66. Bf3 Qb2+ 67. Kg1 Qb1+ 68. Kh2 Qb2+ 69. Bg2 Qf6 70. Qe4+ g6 71. b4 Qd6 72. b5 h5 73. h4 Kg7 74. b6 1-0


[Site "https://www.chess.com"]

[Event "Titled Tuesday Blitz August 23 Early 2022"]
[White "Sarana, Alexey"]
[Black "Boros, Denes"]
[WhiteFideId "24133795"]
[BlackFideId "722340"]
[WhiteElo "2666"]
[BlackElo "2464"]
[Result "0-1"]
[Round "04"]
[TimeControl "180+1"]
[Date "2022.08.23"]
[WhiteClock "0:00:07"]
[BlackClock "0:00:04"]

1. d4 e6 2. c4 Nc6 3. Nc3 Bb4 4. e3 e5 5. Ne2 Nf6 6. d5 Nb8 7. a3 Be7 8. h3 a5 9. g4 Na6 10. Ng3 h6 11. Bd3 Nc5 12. Bc2 d6 13. Rb1 Nh7 14. b4 axb4 15. axb4 Na6 16. Nf5 Bxf5 17. gxf5 Kf8 18. Rg1 Nf6 19. Qf3 e4 20. Nxe4 Nxe4 21. Qxe4 Bf6 22. Bd2 Nb8 23. f4 Ra2 24. Bb3 Ra3 25. Rg2 Kg8 26. Qc2 Kh7 27. e4 Re8 28. Kf1 Kh8 29. Rg3 Nd7 30. Kg2 Bd4 31. Re1 Qh4 32. Bc1 Ra1 33. Qd2 Qf6 34. Qc2 Re7 35. Bd2 Ra3 36. Rd1 c6 37. dxc6 bxc6 38. Bc1 Ra1 39. Rxd4 Rxc1 40. Qd2 Rb1 41. Ba2 Ra1 42. h4 Rxa2 43. Qxa2 Qxd4 44. Qa8+ Kh7 45. e5 dxe5 46. Qd8 Qe4+ 47. Kh2 exf4 48. Rg1 Nf6 49. Qf8 Nh5 50. f6 Qc2+ 51. Kh3 Re3+ 52. Kg4 Qg6# 0-1


[Site "https://www.chess.com"]

[Event "Titled Tuesday Blitz August 23 Early 2022"]
[White "Skawinski, Arkadiusz"]
[Black "Samadov, Read"]
[WhiteFideId "1126415"]
[BlackFideId "13417444"]
[WhiteElo "2149"]
[BlackElo "2084"]
[Result "0-1"]
[Round "04"]
[TimeControl "180+1"]
[Date "2022.08.23"]
[WhiteClock "0:00:57"]
[BlackClock "0:01:39"]

1. e4 c5 2. Nf3 d6 3. Bb5+ Nd7 4. a4 Nf6 5. Nc3 e6 6. O-O Be7 7. d4 cxd4 8. Qxd4 O-O 9. Rd1 a6 10. Be2 b6 11. Nd2 Bb7 12. Nc4 d5 13. exd5 Nxd5 14. Nxd5 Bxd5 15. Ne3 Bc5 16. Qg4 Bc6 17. b4 Be7 18. Bb2 Bf6 19. Nc4 Bxb2 20. Nxb2 Qf6 21. Nc4 Rfd8 22. Bd3 g6 23. h4 Ne5 24. Nxe5 Qxe5 25. b5 axb5 26. Re1 Qf6 27. h5 Rxa4 28. Rxa4 bxa4 29. hxg6 hxg6 0-1


[Site "https://www.chess.com"]

[Event "Titled Tuesday Blitz August 23 Early 2022"]
[White "Starozhilov, Leonid"]
[Black "Bluebaum, Matthias"]
[WhiteFideId "14106752"]
[BlackFideId "24651516"]
[WhiteElo "2414"]
[BlackElo "2603"]
[Result "0-1"]
[Round "04"]
[TimeControl "180+1"]
[Date "2022.08.23"]
[WhiteClock "0:00:05"]
[BlackClock "0:00:10"]

1. e4 e6 2. d3 d5 3. Nf3 dxe4 4. dxe4 Qxd1+ 5. Kxd1 Bc5 6. Ke1 Nf6 7. Bd3 Nc6 8. a3 a5 9. Nc3 O-O 10. Bf4 e5 11. Bg5 Be6 12. Bxf6 gxf6 13. Nd5 Bxd5 14. exd5 Ne7 15. c4 Rfe8 16. Kf1 Rad8 17. g3 c6 18. Kg2 cxd5 19. cxd5 Nxd5 20. Be4 Ne7 21. Rhd1 b6 22. Nh4 Bd4 23. Rd2 Rc8 24. Nf5 Nxf5 25. Bxf5 Rc5 26. Re1 Rd8 27. Ree2 a4 28. Rc2 Rdd5 29. Rcd2 h6 30. Be4 Rd7 31. h4 Rdc7 32. Rc2 b5 33. Rcd2 Rc1 34. Bd3 R7c5 35. Re4 f5 36. Ree2 f4 37. g4 Kg7 38. Bf5 Kf6 39. Be4 Ra1 40. Bf5 Rcc1 41. Kf3 Rh1 42. h5 Rh3+ 43. Ke4 f3 44. Re3 Bxe3 45. Kxe3 Re1+ 46. Kd3 Kg5 47. Kc3 Re2 0-1


[Site "https://www.chess.com"]